 Dungeon Crawl Stone Soup version 0.28.0-53-g5a82cb258f (webtiles) character file.

Game seed: 10294584299348397211

24472 Gabide the Cruncher (level 13, 0/103 (108) HPs)
             Began as a Formicid Monk on June 15, 2022.
             Was the Champion of Ignis.
             Slain by Snorg (24 damage)
             ... on level 3 of the Lair of Beasts.
             The game lasted 00:49:20 (22056 turns).

Gabide the Cruncher (Formicid Monk)                Turns: 22056, Time: 00:49:21

HP:   0/103 (108)   AC: 15    Str: 15    XL:     13   Next: 43%
MP:   13/13         EV: 17    Int: 12    God:    Ignis [******]
Gold: 91            SH:  6    Dex: 17    Spells: 12/12 levels left

rFire   + + .      SeeInvis +   G - +2 lajatang (speed)
rCold   . . .      Faith    .   D - +0 buckler
rNeg    . . .      Spirit   .   O - +0 acid dragon scales
rPois   +          Reflect  .   (helmet unavailable)
rElec   .          Harm     .   u - +0 cloak
rCorr   +          Rampage  .   d - +2 pair of gloves
Will    +....                   v - +2 pair of boots
Stlth   ++........              l - amulet of magic regeneration
HPRegen 0.27/turn               f - ring of poison resistance
MPRegen 0.53/turn               w - ring of protection from fire

@: lightly drained
A: permanent stasis, dig shafts and tunnels, antennae 3, four strong arms
a: Dig, Shaft Self, Renounce Religion, Fiery Armour, Foxfire Swarm, Rising Flame


You were on level 3 of the Lair of Beasts.
You worshipped Ignis.
Ignis was exalted by your worship.
You visited 2 branches of the dungeon, and saw 14 of its levels.
You also visited: Ossuary and Bailey.

You collected 974 gold pieces.
You spent 883 gold pieces at shops.

Inventory:

Hand Weapons
 j - a +2 halberd of electrocution
 G - a +2 lajatang of speed (weapon)
 Q - a +0 quarterstaff
Missiles
 p - 279 stones (quivered)
Armour
 d - a +2 pair of gloves (worn)
 m - a +0 chain mail of fire resistance
 u - a +0 cloak (worn)
 v - a +2 pair of boots (worn)
 D - a +0 buckler (worn)
 O - +0 acid dragon scales (worn)
Jewellery
 f - a ring of poison resistance (left hand)
 l - an amulet of magic regeneration (around neck)
 t - a +6 ring of intelligence
 w - a ring of protection from fire (right hand)
 N - a ring of resist corrosion
Wands
 q - a wand of flame (6)
 I - a wand of mindburst (12)
 M - a wand of paralysis (5)
 P - a wand of acid (4)
Scrolls
 e - 3 scrolls of magic mapping
 i - a scroll of blinking {unknown}
 k - a scroll of amnesia
 n - a scroll of fog
 s - 2 scrolls of fear
 A - a scroll of brand weapon {unknown}
 F - a scroll of holy word {unknown}
 K - a scroll of torment {unknown}
Potions
 b - a potion of lignification
 c - a potion of resistance
 g - a potion of ambrosia
 h - 2 potions of magic
 o - 3 potions of attraction
 r - 5 potions of mutation
 x - a potion of haste
 z - 4 potions of brilliance
 C - 4 potions of flight
 E - a potion of experience {unknown}
 H - 3 potions of cancellation
 L - 6 potions of curing
Miscellaneous
 y - a piece from Xom's chessboard (15/15)


   Skills:
 + Level 12.1 Fighting
 - Level 7.2(11.0) Polearms
 * Level 13.0(13.7) Staves
 - Level 5.0 Armour
 + Level 10.3 Dodging
 - Level 3.0 Stealth
 - Level 5.0 Shields


You had 12 spell levels left.
You didn't know any spells.
Your spell library contained the following spells:

 Spells                   Type           Power      Damage    Failure   Level
 Slow                     Hex            0%         N/A       50%         1
 Ensorcelled Hibernation  Hex/Ice        0%         N/A       63%         2
 Confusing Touch          Hex            0%         N/A       86%         3
 Spider Form              Tmut/Pois      0%         N/A       86%         3
 Vampiric Draining        Necr           0%         2d6       86%         3
 Anguish                  Hex/Necr       0%         N/A       99%         4
 Passage of Golubria      Tloc           0%         N/A       99%         4
 Petrify                  Tmut/Erth      0%         N/A       99%         4
 Metabolic Englaciation   Hex/Ice        0%         N/A       100%        5
 Silence                  Hex/Air        0%         N/A       100%        5
 Statue Form              Tmut/Erth      0%         N/A       100%        6
 Lehudib's Crystal Spear  Conj/Erth      0%         10d2      100%        8


Dungeon Overview and Level Annotations

Branches:
Dungeon (10/15)            Temple (0/1) D:5            Lair (4/6) D:10
    Orc (0/2) D:9         Ossuary (visited)          Bailey (visited)
  Swamp: Lair:2-4    Shoals: Lair:2-4     Snake: Lair:2-4    Spider: Lair:2-4

Altars:
Ashenzari
Cheibriados
Dithmenos
Kikubaaqudgha
Makhleb
Nemelex Xobeh
Qazlal
Trog
Uskayaw
Ignis

Shops:
D:2 (!   D:9 [(

Annotations:
D:4 2 exclusions
Lair:1 2 transporters, Sobaton's ghost, journeyman MiFi
Lair:3 Snorg


Innate Abilities, Weirdness & Mutations

You cannot be hasted, slowed, berserked, paralysed or teleported.
You can dig through walls and to a lower floor.
You have a pair of large antennae on your head. (SInv)
Your four strong arms can wield two-handed weapons with a shield.


Message History

You can't see that place.
Okay, then.
Okay, then.
Aiming: Corrosive Bolt
Press: ? - help, Q - select action, (/) - cycle Shift-Dir - straight line The bolt of acid hits Snorg!
Snorg is lightly wounded.
The bolt of acid misses the bullfrog.
Unknown command.
You block Snorg's attack. Snorg claws you but does no damage. Snorg claws you.
You block the water moccasin's attack. The water moccasin bites you.
Snorg bites you! Snorg claws you. Snorg claws you!
* * * LOW HITPOINT WARNING * * *
You climb upwards.
There is a stone staircase leading down here.
Throw: throwing net
Press: ? - help, Q - select action, (/) - cycle Shift-Dir - straight line, f - Snorg
Aim: Snorg (lightly wounded, berserk, 66% to hit)
You throw a throwing net. The throwing net hits Snorg.
Snorg is caught in the net!
Snorg is lightly wounded.
Snorg struggles against the net.
The water moccasin misses you.
Snorg struggles against the net.
Okay, then.
Unknown command.
You closely miss the water moccasin. The water moccasin bites you.
* * * LOW HITPOINT WARNING * * *
You completely miss the water moccasin.
Snorg struggles against the net.
The water moccasin closely misses you.
You miss the water moccasin.
Snorg struggles against the net.
The net rips apart, and Snorg comes free!
The water moccasin closely misses you.
Snorg rages.
Snorg completely misses you. Snorg claws you!
* * * LOW HITPOINT WARNING * * *
Snorg closely misses you.
You feel much better.
The water moccasin completely misses you.
Snorg bites you!!
You die...

............# ##.#..≈#...........
P####....P..###..+..≈......#.....
## #.....P...###...≈≈≈...........
#........#.#..#≈≈.≈.....#.....
#........####...≈.......P.....
##....#..####...≈............# ##
#....P........≈≈........÷...P .##
#...>..##.....≈≈.........<... ..#
#..†.......S@≈≈.............. ..#
#..........T≈≈≈..............
..###............≈...............
..##.............................
.................................
.................................
.#..................P............
.................................
.#...............................


You could see Snorg (berserk) and a water moccasin.

Vanquished Creatures
  2 hydras
  An ogre mage (D:10)
  A boulder beetle (Lair:3)
  Erica (D:8)
  A two-headed ogre (D:10)
  7 elephants
  Maurice (D:9)
  3 black mambas
  Maggie (Lair:2)
  4 cane toads
  A kobold demonologist (D:5)
  A rime drake (Lair:3)
  2 komodo dragons (Lair:3)
  A polar bear (Lair:3)
  7 hornets
  11 blink frogs
  A shadow (D:10)
  3 wyverns
  12 yaks
  A basilisk (Lair:1)
  4 vampire mosquitoes (Lair:1)
  A steam dragon (D:6)
  Menkaure (Ossuary)
  Edmund (D:4)
  12 water moccasins
  A floating eye (D:10)
  2 ice beasts (D:7)
  3 swamp drakes (Lair:1)
  3 black bears
  3 sky beasts
  4 orc warriors
  2 ogres
  A necrophage (D:7)
  15 wolves
  2 centaurs
  15 bullfrogs
  3 scorpions
  A gnoll sergeant (D:10)
  A water moccasin zombie (D:6)
  14 killer bees
  4 electric eels
  4 jellies
  A howler monkey (D:5)
  3 centaur zombies
  3 hounds
  5 orc priests
  A bullfrog skeleton (D:6)
  2 bullfrog zombies
  A gnoll shaman (D:6)
  2 iguanas
  6 orc wizards
  4 hell rats (Lair:4)
  3 mummies (Ossuary)
  A hound skeleton (D:5)
  A howler monkey zombie (D:9)
  17 gnolls
  4 adders
  A shadow imp (D:7)
  4 white imps
  2 dart slugs
  57 orcs
  3 endoplasms
  5 giant cockroaches
  4 goblins
  4 hobgoblins
  3 quokkas
  4 ball pythons
  9 bats
  7 frilled lizards
  4 gnoll skeletons (Ossuary)
  4 gnoll zombies (Ossuary)
  5 goblin skeletons (Ossuary)
  3 goblin zombies (Ossuary)
  4 hobgoblin skeletons (Ossuary)
  4 hobgoblin zombies (Ossuary)
  9 kobolds
  3 kobold skeletons (Ossuary)
  7 kobold zombies (Ossuary)
  5 orc skeletons (Ossuary)
  4 orc zombies (Ossuary)
  4 rats
  4 rat skeletons (Ossuary)
  3 rat zombies (Ossuary)
379 creatures vanquished.

Vanquished Creatures (others)
  An orc wizard (D:7)
  An orc (D:6)
  8 fungi
  52 plants
  6 withered plants
68 creatures vanquished.

Grand Total: 447 creatures vanquished

Notes
Turn   | Place    | Note
-------+----------+-------------------------------------------
     0 | D:1      | Gabide the Formicid Monk began the quest for the Orb.
     0 | D:1      | Reached XP level 1. HP: 18/18 MP: 1/1
   303 | D:1      | Reached XP level 2. HP: 24/24 MP: 2/2
   752 | D:1      | Found a faded altar of an unknown god.
  1166 | D:1      | Prayed at the altar of an unknown god.
  1166 | D:1      | Became a worshipper of Ignis, the Dying Flame
  1166 | D:1      | Reached ****** piety under Ignis
  1216 | D:2      | Reached XP level 3. HP: 28/28 MP: 3/3
  1217 | D:2      | Found Suro's Distillery.
  1221 | D:2      | Bought a potion of curing for 39 gold pieces
  1337 | D:2      | Found a hide-covered altar of Uskayaw.
  1344 | D:2      | Found Fygiesid's Antique Weapon Shoppe.
  2240 | D:3      | Reached XP level 4. HP: 37/37 MP: 4/4
  3048 | D:4      | Noticed Edmund
  3207 | D:4      | Found an ancient bone altar of Kikubaaqudgha.
  3462 | D:3      | Reached XP level 5. HP: 10/42 MP: 5/5
  4351 | D:5      | Entered Level 5 of the Dungeon
  4372 | D:5      | Found a staircase to the Ecumenical Temple.
  4624 | D:5      | Reached XP level 6. HP: 30/50 MP: 6/6
  4892 | D:5      | Noticed a water moccasin
  4949 | D:5      | Reached skill level 5 in Fighting
  5217 | D:5      | Found a shadowy altar of Dithmenos.
  5361 | D:5      | Reached XP level 7. HP: 38/56 MP: 7/7
  5622 | D:5      | Reached skill level 5 in Polearms
  5958 | D:4      | Killed Edmund
  6194 | D:6      | Noticed a kobold demonologist
  6196 | D:6      | Noticed a chaos spawn
  6204 | D:6      | Noticed a smoke demon
  6319 | D:6      | Noticed a rust devil
  6330 | D:5      | Killed a kobold demonologist
  6331 | D:5      | Reached XP level 8. HP: 55/64 MP: 8/8
  6484 | D:6      | Found a sand-covered staircase.
  6490 | Ossuary  | Entered an ossuary
  7154 | Ossuary  | Noticed Menkaure
  7156 | Ossuary  | Killed Menkaure
  7157 | Ossuary  | Reached skill level 5 in Armour
  7157 | Ossuary  | Reached skill level 5 in Dodging
  7436 | D:6      | Found a bloodstained altar of Trog.
  7747 | D:6      | Reached XP level 9. HP: 52/71 MP: 9/9
  8665 | D:6      | Found a burning altar of Makhleb.
  8668 | D:6      | Noticed a balrug
  8672 | D:6      | Noticed a hellwing
  9407 | D:7      | Found a stormy altar of Qazlal.
  9489 | D:7      | Reached skill level 1 in Staves
  9514 | D:7      | Reached skill level 2 in Staves
  9541 | D:7      | Reached XP level 10. HP: 58/80 MP: 10/10
 10070 | D:7      | Found a broken altar of Ashenzari.
 10235 | D:8      | Noticed Erica
 10318 | D:8      | Reached skill level 3 in Staves
 10811 | D:8      | Reached skill level 4 in Staves
 11161 | D:8      | Found a sparkling altar of Nemelex Xobeh.
 11875 | D:8      | Reached skill level 5 in Staves
 12190 | D:9      | Noticed Maurice
 12214 | D:9      | Killed Maurice
 12215 | D:9      | Reached skill level 5 in Shields
 12410 | D:9      | Found a flagged portal.
 12440 | Bailey   | Entered a bailey
 12551 | Bailey   | Reached skill level 6 in Staves
 13083 | D:9      | Found Epuened's Weapon Shoppe.
 13083 | D:9      | Found a staircase to the Orcish Mines.
 13083 | D:9      | Found Ickuzor's Armour Shoppe.
 13860 | D:9      | Reached skill level 7 in Staves
 13860 | D:9      | Reached XP level 11. HP: 46/87 MP: 11/11
 14516 | D:10     | Entered Level 10 of the Dungeon
 14748 | D:10     | Noticed a two-headed ogre
 14800 | D:8      | Killed Erica
 14801 | D:8      | Reached skill level 8 in Staves
 15017 | D:2      | Bought a runed lajatang for 558 gold pieces
 15292 | D:10     | Found a snail-covered altar of Cheibriados.
 15299 | D:10     | Killed a two-headed ogre
 15491 | D:10     | Found a staircase to the Lair.
 15568 | D:10     | Reached skill level 9 in Staves
 15628 | D:10     | Noticed an ogre mage
 15965 | D:10     | Killed an ogre mage
 15966 | D:10     | Reached skill level 10 in Fighting
 16123 | Lair:1   | Entered Level 1 of the Lair of Beasts
 16297 | Lair:1   | Reached XP level 12. HP: 97/97 MP: 12/12
 16371 | Lair:1   | Reached skill level 10 in Staves
 16974 | Lair:1   | Noticed a four-headed hydra
 17070 | D:9      | HP: 2/98 [seven-headed hydra (5)]
 17494 | Lair:1   | Noticed a six-headed hydra
 17555 | D:10     | Killed a six-headed hydra
 18014 | Lair:1   | Reached skill level 11 in Staves
 18458 | Lair:1   | Noticed Sobaton's ghost (journeyman MiFi)
 18487 | Lair:1   | Found a transporter.
 18491 | Lair:1   | Found a transporter.
 19281 | Lair:2   | Noticed Maggie
 19298 | Lair:2   | Killed Maggie
 19818 | Lair:2   | Reached XP level 13. HP: 100/106 MP: 13/13
 19853 | Lair:2   | Reached skill level 12 in Staves
 20121 | Lair:3   | Reached skill level 10 in Dodging
 20513 | D:2      | Bought 2 potions of curing for 78 gold pieces
 20513 | D:2      | Bought a potion of flight for 39 gold pieces
 20513 | D:2      | Bought a potion of cancellation for 104 gold pieces
 20513 | D:2      | Bought a potion of heal wounds for 65 gold pieces
 21166 | Lair:3   | Noticed a boulder beetle
 21192 | Lair:3   | Killed a boulder beetle
 21219 | Lair:3   | Noticed a six-headed hydra
 21254 | Lair:2   | Killed a six-headed hydra
 21943 | Lair:4   | Noticed Snorg
 22025 | Lair:4   | Reached skill level 13 in Staves
 22056 | Lair:3   | Slain by Snorg

Illustrated notes

Levels and vault maps discovered:
D:1:      eino_arrival_water_star, layout_basic,
          shapermc_ecumenical_altar_flowoftime
D:2:      layout_basic, basic_altar, serial_shops, shop, shop
D:3:      layout_basic
D:4:      layout_loops_cross, kiku_gazebo_garden_becter, uniq_edmund
D:5:      layout_gridville, nicolae_dithmenos_the_darkroom, temple_hall
D:6:      layout_loops_ring, bloody_trog, makhleb_altar_promises_db,
          enter_ossuary_2, serial_bayou_lagoon_b
D:7:      layout_basic, grunt_qazlal_sundering, ashenzari_conservatory_becter,
          serial_corexii_hall, chequers_hall_statues_wall_a,
          corexii_hall_statues_x, uniq_menkaure
D:8:      layout_gridville, nemelex_spade_bored_becter, uniq_erica
D:9:      layout_cave_pools, orc_david_3, enter_bailey_4, minivault_16,
          eino_tiny_chamber, uniq_maurice
D:10:     hellmonk_paralyzer, layout_rooms, mainiacjoe_overflow_24_doors
Lair:1:   layout_roguey, gammafunk_ghost_hive, pond, grunt_megastairs_2
Lair:2:   layout_roguey, uniq_maggie
Lair:3:   layout_chaotic_city, chequers_serial_rivers_small_a,
          serial_bayou_shore_a, lemuel_fruit_fields, lemuel_fruit_fields
Lair:4:   layout_layer_cave, elwin_shoals_entry_rocks, dummy_spider_entry,
          st_stairs_8, beast_lair_carwin_10, uniq_snorg, uniq_rupert

Skill      XL: |  1  2  3  4  5  6  7  8  9 10 11 12 13 |
---------------+----------------------------------------+-----
Stealth        | 3 |  3.0
Dodging        | 3 4 5 6 7 8 9 10 | 10.3
Fighting       | 4 5 6 8 10 11 12 | 12.1
Polearms       | 4 5 6 7 |  7.2
Armour         | 4 5 |  5.0
Staves         | 2 7 9 11 13 | 13.0
Shields        | 5 |  5.0

Action                   |  1- 3 |  4- 6 |  7- 9 | 10-12 | 13-15 || total
-------------------------+-------+-------+-------+-------+-------++-------
Melee: Spear             |   154 |   181 |   714 |       |       ||  1049
       Punch             |     3 |     6 |    16 |       |       ||    25
       Whip              |       |    21 |     6 |       |       ||    27
       Quarterstaff      |       |       |    41 |   254 |     4 ||   299
       Halberd           |       |       |       |   200 |       ||   200
       Lajatang          |       |       |       |   386 |   173 ||   559
Throw: Stone             |    12 |    13 |    26 |    12 |       ||    63
       Boomerang         |       |    24 |     9 |       |       ||    33
       Throwing net      |       |       |       |       |     3 ||     3
Evoke: Wand              |       |       |    10 |    19 |     8 ||    37
  Use: Scroll            |     2 |     4 |     9 |     8 |       ||    23
       Potion            |       |     4 |       |    17 |     1 ||    22
 Stab: Sleeping          |    10 |     3 |       |     3 |     2 ||    18
       Confused          |       |       |       |     2 |       ||     2
       Paralysed         |       |       |       |       |     7 ||     7
Armor: Robe              |    19 |     7 |       |       |       ||    26
       Skin              |       |     7 |       |    76 |       ||    83
       Leather armour    |       |    36 |    11 |       |       ||    47
       Scale mail        |       |       |   262 |   346 |       ||   608
       Acid dragon scale |       |       |       |     7 |    40 ||    47
Dodge: Dodged            |    64 |   107 |   311 |   501 |   103 ||  1086
Block: Buckler           |       |       |       |   240 |    49 ||   289
